 Dungeon Crawl Stone Soup version 0.18.1-48-g4cf74bf (webtiles) character file.

78 Scotteh the Covered (level 4, -6/40 HPs)
             Began as a Minotaur Fighter on July 19, 2016.
             Killed by divine providence
             ... invoked by an orc priest
              (11 damage)
             ... on level 4 of the Dungeon.
             The game lasted 00:05:31 (2176 turns).

Scotteh the Covered (Minotaur Fighter)              Turns: 2176, Time: 00:05:32

Health: -6/40      AC:  7    Str: 22    XL:     4   Next: 15%
Magic:  3/3        EV:  7    Int:  5    God:
Gold:   93         SH:  9    Dex:  9    Spells: 0 memorised, 3 levels left

rFire  . . .     SeeInvis .     a - +0 long sword
rCold  . . .     Gourm    .     b - +0 scale mail
rNeg   . . .     Faith    .     c - +0 shield
rPois  .         Spirit   .     (helmet restricted)
rElec  .         Dismiss  .     (no cloak)
rCorr  .         Reflect  .     (no gloves)
SustAt .         Harm     .     (no boots)
MR     .....                    (no amulet)
Stlth  ..........               (no ring)
                                (no ring)

@: not resistant to hostile enchantments, extremely unstealthy
A: retaliatory headbutt, horns 2
a: no special abilities


You were on level 4 of the Dungeon.
You were hungry.

You visited 1 branch of the dungeon, and saw 4 of its levels.

You collected 93 gold pieces.

Inventory:

Hand Weapons
 a - a +0 long sword (weapon)
Armour
 b - a +0 scale mail (worn)
 c - a +0 shield (worn)
Jewellery
 l - an uncursed ring of see invisible {unknown}
 s - a +3 ring of dexterity {unknown}
Wands
 m - a wand of teleportation (3/9)
Scrolls
 e - 3 scrolls of identify {unknown}
 h - a scroll of immolation {unknown}
 j - a scroll of fear {unknown}
 r - a scroll of random uselessness {unknown}
 t - a scroll of enchant weapon {unknown}
 u - a scroll of amnesia {unknown}
Potions
 d - a potion of might
 g - 2 potions of curing {unknown}
 i - a potion of berserk rage {unknown}
 o - 2 potions of mutation {unknown}
 p - a potion of cancellation {unknown}
 q - a potion of flight {unknown}
Comestibles
 f - 4 bread rations
 k - 2 fruits
 n - a meat ration


   Skills:
 + Level 4.2 Fighting
 + Level 2.8 Long Blades
 + Level 4.7 Armour
 + Level 0.4 Dodging
 + Level 0.1 Stealth
 + Level 4.3 Shields


You had 3 spell levels left.
You didn't know any spells.

Dungeon Overview and Level Annotations

Branches:
Dungeon (4/15)
 Temple: D:4-7

Altars:
Fedhas

Shops:
D:4 (


Innate Abilities, Weirdness & Mutations

You reflexively headbutt those who attack you in melee.
You have a pair of horns on your head.


Message History

You slash the orc!
You kill the orc!
The orc priest hits you with a hand axe.
The orc priest calls down the wrath of Beogh upon you.
Pain shoots through your body!
The orc wizard points at you and mumbles some strange words.
The puff of flame hits you!
You hit the orc priest. Your headbutt misses the orc priest.
The orc priest is moderately wounded.
The orc priest invokes the aid of Beogh against you.
Pain shoots through your body!
* * * LOW HITPOINT WARNING * * *
You block the orc priest's attack.
The orc wizard gestures at you while chanting.
The puff of flame hits you!
* * * LOW HITPOINT WARNING * * *
Unknown command.
The orc priest calls down the wrath of Beogh upon you.
Beogh smites you!
You die...

#.##.# ....##
#.###.........##
#.##..
.≈≈.≈≈##.#
#.#####.#.#
#.####.
+#≈.>.###.# .#
.. ... ..
+........# . #
.##
#≈#+#≈#.####.# .
. #≈≈.≈≈#.## #.#
.. #.##(..# #..
#......#
####@..# #o).#
..o..?..
!.....o.....
#............#
#..###...#####
... #...# ##
#...#


You could see 2 orc priests and an orc wizard.

Vanquished Creatures
  A hound skeleton (D:4)
  2 adders (D:3)
  An ooze (D:1)
  3 giant geckos
  2 orcs
  7 bats
  A giant cockroach (D:2)
  5 goblins
  2 hobgoblins
  6 kobolds
  A quokka (D:4)
  2 giant newts (D:2)
  5 rats
38 creatures vanquished.

Notes
Turn   | Place    | Note
--------------------------------------------------------------
     0 | D:1      | Scotteh the Minotaur Fighter began the quest for the Orb.
     0 | D:1      | Reached XP level 1. HP: 19/19 MP: 0/0
   476 | D:1      | Reached XP level 2. HP: 26/27 MP: 1/1
   987 | D:2      | Reached XP level 3. HP: 32/33 MP: 2/2
  1579 | D:3      | Found a blossoming altar of Fedhas.
  2140 | D:4      | Reached XP level 4. HP: 38/40 MP: 3/3
  2156 | D:4      | Found Kacuvowu's Weapon Emporium.
  2176 | D:4      | Killed from afar by an orc priest

Skill      XL: |  1  2 |
---------------+-------+-----
Shields        | 4 |  4.3
Fighting       | 4 |  4.2
Armour         | 4 |  4.7
Long Blades    | |  2.8
Dodging        | |  0.4
Stealth        | |  0.1

Action                   |  1- 3 |  4- 6 || total
-------------------------+-------+-------++-------
Melee: Long sword        |    94 |     2 ||    96
       Headbutt          |     7 |       ||     7
  Eat: Royal jelly       |     1 |       ||     1
       Chunk             |     1 |       ||     1
Armor: Scale mail        |    49 |     1 ||    50
Dodge: Dodged            |    24 |       ||    24
Block: Shield            |    40 |     1 ||    41
